 Dungeon Crawl Stone Soup version 0.22-a0-149-g870e420 (webtiles) character file.

17 Amnesiac the Magician (level 2, 0/19 HPs)
             Began as a Mummy Earth Elementalist on Feb 7, 2018.
             Slain by a gnoll
             ... wielding a +0 club
              (10 damage)
             ... on level 1 of the Dungeon.
             The game lasted 00:00:55 (628 turns).

Amnesiac the Magician (Mummy Earth Elementalist)     Turns: 628, Time: 00:00:55

Health: 0/19       AC:  2    Str: 11    XL:     2   Next: 44%
Magic:  3/6        EV: 12    Int: 14    God:
Gold:   43         SH:  0    Dex: 12    Spells: 4/7 levels left

rFire    x . .     SeeInvis .   f - +0 falchion
rCold    + . .     Gourm    .   (no shield)
rNeg     + + +     Faith    .   c - +0 robe
rPois    ∞         Spirit   .   (no helmet)
rElec    .         Reflect  .   (no cloak)
rCorr    .         Harm     .   (no gloves)
MR       .....                  (no boots)
Stlth    ++........             (no amulet)
HPRegen  0.06/turn              (no ring)
MPRegen  0.10/turn              (no ring)

@: very slightly contaminated
A: no food or potions, fire vulnerability, cold resistance 1, negative energy
resistance 3, torment resistance, unbreathing
a: no special abilities


You were on level 1 of the Dungeon.
You were not hungry.

You visited 1 branch of the dungeon, and saw 1 of its levels.

You collected 43 gold pieces.

Inventory:

Hand Weapons
 f - a +0 falchion (weapon)
Missiles
 b - 94 stones (quivered)
Armour
 c - a +0 robe (worn)
Scrolls
 a - a scroll of identify {!r, unknown}
 e - a scroll of remove curse {!r, unknown}
 g - a scroll of immolation {!r, unknown}
 h - 2 scrolls of amnesia {!r, unknown}
Books
 d - a book of Geomancy

   Spells                             Type                      Level
   a - Sandblast                      Earth                        1
   b - Passwall                       Transmutation/Earth          2
   c - Stone Arrow                    Conjuration/Earth            3
   d - Petrify                        Transmutation/Earth          4
   e - Lee's Rapid Deconstruction     Earth                        5


   Skills:
 - Level 1.5 Dodging
 - Level 1.5 Stealth
 + Level 3.0 Spellcasting
 - Level 0.7 Transmutations
 * Level 3.0 Earth Magic


You had 4 spell levels left.
You knew the following spells:

 Your Spells              Type           Power        Failure   Level  Hunger
a - Sandblast             Erth           ##....       6%          1    N/A
b - Passwall              Tmut/Erth      #.........   16%         2    N/A

Dungeon Overview and Level Annotations

Branches:
Dungeon (1/15)

Altars:
Okawaru


Innate Abilities, Weirdness & Mutations

You do not eat or drink.
Your flesh is vulnerable to fire.
You are immune to poison.
Your flesh is cold resistant. (rC+)
You are immune to negative energy. (rN+++)
You are immune to unholy pain and torment.
You can survive without breathing.


Message History

You kill the bat!
No target in view!
You see here a rat corpse.
Key pressed, stopping explore.
No target in view!
You see here a large shield.
Key pressed, stopping explore.
No target in view!
Key pressed, stopping explore.
No target in view!
A leopard gecko comes into view.
The leopard gecko hisses angrily.
A leopard gecko is nearby!
A leopard gecko is nearby!
A leopard gecko is nearby!
You hit the leopard gecko.
You kill the leopard gecko!
No target in view!
No target in view!
Found a ration.
No target in view!
You see here a ration.
h - 2 scrolls labeled MAN OJAFETIEJ {!r} (gained 1)
A gnoll comes into view. It is wielding a club.
A gnoll is nearby!
A gnoll is nearby!
The helpless gnoll fails to defend itself.
You hit the gnoll but do no damage. The gnoll closely misses you.
You hit the gnoll.
The gnoll is lightly wounded.
The gnoll barely misses you.
You hit the gnoll but do no damage.
The gnoll is lightly wounded.
The gnoll barely misses you.
You hit the gnoll.
The gnoll is heavily wounded.
The gnoll hits you with a club. x2
Casting: Sandblast (safe; 6% risk of failure)
Confirm with . or Enter, or press ? or * to list all spells.
Aiming: Sandblast (safe; 6% risk of failure)
Press: ? - help, Shift-Dir - straight line, f - gnoll
Aim: a gnoll, wielding a club (heavily wounded)
The blast of sand hits the gnoll.
The gnoll is heavily wounded.
b - 95 stones The gnoll hits you with a club.
Casting: Sandblast (safe; 6% risk of failure)
Confirm with . or Enter, or press ? or * to list all spells.
Aiming: Sandblast (safe; 6% risk of failure)
Press: ? - help, Shift-Dir - straight line, f/p - gnoll
Aim: a gnoll, wielding a club (heavily wounded)
The blast of sand hits the gnoll.
The gnoll is severely wounded.
b - 94 stones
Casting: Sandblast (safe; 6% risk of failure)
Confirm with . or Enter, or press ? or * to list all spells.
Aiming: Sandblast (safe; 6% risk of failure)
Press: ? - help, Shift-Dir - straight line, f/p - gnoll
Aim: a gnoll, wielding a club (severely wounded)
You miscast Sandblast.
You are very lightly contaminated with residual magic.
Nothing appears to happen.
The gnoll hits you with a club!
Ouch! That really hurt!
You die...

......####.#.#.#
#.# #######
#...#.# #.#
##..#.# #.#
#..#.# #.#
##.#.######.#
#...#......#
#...#.######
#...#.# ##..#@#
#..#.g.....#
##.#######.#
#...# ##..# #.>#
####


You could see a gnoll.

Vanquished Creatures
  2 dart slugs (D:1)
  A leopard gecko (D:1)
  A giant cockroach (D:1)
  A goblin (D:1)
  A hobgoblin (D:1)
  3 bats (D:1)
  3 rats (D:1)
12 creatures vanquished.

Notes
Turn   | Place    | Note
-------+----------+-------------------------------------------
     0 | D:1      | Amnesiac the Mummy Earth Elementalist began the quest for the Orb.
     0 | D:1      | Reached XP level 1. HP: 13/13 MP: 4/4
   230 | D:1      | Reached XP level 2. HP: 14/19 MP: 5/5
   234 | D:1      | Learned a level 2 spell: Passwall
   271 | D:1      | Found an iron altar of Okawaru.
   628 | D:1      | Slain by a gnoll

Vault maps used:
D:1:      dpeg_arrival_boxes_within_box, okawaru_ov_weapons_minmay

Skill      XL: |  1  2 |
---------------+-------+-----
Spellcasting   | 3 |  3.0
Earth Magic    | 3 |  3.0
Dodging        | |  1.5
Stealth        | |  1.5
Transmutations | |  0.7

Action                   || total
-------------------------++-------
Melee: Unarmed           ||    36
       Falchion          ||    10
 Cast: Sandblast         ||     7
 Stab: Sleeping          ||     2
Armor: Robe              ||    10
Dodge: Dodged            ||    25
       Rpst.: Falchion   ||     1

Table legend:
 A = Spawn XP
 B = Non-spawn XP
 C = Spawn XP percentage of total XP
 D = Spawn monster count
 E = Non-spawn monster count
 F = Spawn count percentage of total count
 G = Total turns spent on level
                    A         B        C        D         E        F      G
               +---------+---------+-------+---------+---------+-------+---------
         Total |       0 |      25 |   0.0 |       0 |      12 |   0.0 |   628
               +---------+---------+-------+---------+---------+-------+---------
           D:1 |       0 |      25 |   0.0 |       0 |      12 |   0.0 |   628
               +---------+---------+-------+---------+---------+-------+---------
